 Dungeon Crawl Stone Soup version 0.31-a0-182-gc5ef74bbde (webtiles) character file.

Game seed: 5850998110709392935

140 funkygono the Firebug (level 5, -6/28 HPs)
             Began as a Gargoyle Fire Elementalist on June 21, 2023.
             Mangled by an iguana (9 damage)
             ... on level 3 of the Dungeon.
             The game lasted 00:04:45 (2659 turns).

funkygono the Firebug (Gargoyle Fire Elementalist)  Turns: 2659, Time: 00:04:46

Health: -6/28      AC:  7    Str: 11    XL:     5   Next: 23%
Magic:  2/9        EV: 12    Int: 18    God:
Gold:   256        SH:  0    Dex: 10    Spells: 4/10 levels left

rFire   . . .        n - +1 whip "Cicucuse" {pain, rPois rC+ Stlth-}
rCold   + . .        (no shield)
rNeg    + . .        a - +0 robe
rPois   ∞            (no helmet)
rElec   +            m - +0 cloak
rCorr   .            (no gloves)
SInv    .            (no boots)
Will    .....        (no amulet)
Stlth   +            (no ring)
HPRegen 0.24/turn    (no ring)
MPRegen 0.11/turn

%: no passive effects
@: no status effects
A: sickness immunity, AC +4, negative energy resistance 1, electricity
resistance, torment resistance 1, petrification resistance
a: no special abilities


You were on level 3 of the Dungeon.
You visited 1 branch of the dungeon, and saw 4 of its levels.

You collected 256 gold pieces.

Inventory:

Hand Weapons
 d - a +2 whip of flaming
 n - the +1 whip "Cicucuse" (weapon) {pain, rPois rC+ Stlth-}
   (You found it on level 2 of the Dungeon)

   rC:        It protects you from cold.
   rPois:     It protects you from poison.
   Stlth:     It makes you less stealthy.
Armour
 a - a +0 robe (worn)
 m - a +0 cloak (worn)
Jewellery
 j - an amulet of faith
Scrolls
 c - a scroll of revelation
 e - a scroll of amnesia
Potions
 b - a potion of magic
 f - 3 potions of curing
 g - a potion of lignification
 h - a potion of haste
 i - a potion of resistance {unknown}
 l - a potion of heal wounds {unknown}
 o - a potion of berserk rage {unknown}


   Skills:
 + Level 0.2 Fighting
 + Level 0.1 Maces & Flails
 + Level 2.0 Dodging
 + Level 2.6 Stealth
 + Level 3.0 Spellcasting
 + Level 2.3 Conjurations
 + Level 4.2 Fire Magic


You had 4 spell levels left.
You knew the following spells:

 Your Spells              Type           Power      Damage    Failure   Level
a - Foxfire               Conj/Fire      56%        2x1d6     4%          1
b - Scorch                Fire           34%        2d6       4%          2
c - Volatile Blastmotes   Fire/Tloc      20%        2d11      21%         3

Your spell library contained the following spells:

 Spells                   Type           Power      Damage    Failure   Level
 Inner Flame              Hex/Fire       10%        N/A       21%         3
 Flame Wave               Conj/Fire      14%        2d6       38%         4
 Tukima's Dance           Hex            2%         N/A       43%         3
 Passage of Golubria      Tloc           2%         N/A       85%         4
 Petrify                  Tmut/Erth      2%         N/A       85%         4
 Irradiate                Conj/Tmut      3%         3d12      95%         5
 Yara's Violent Unravell  Hex/Tmut       1%         3d3       99%         5
 Sublimation of Blood     Necr           Unusable   N/A       N/A         2

Dungeon Overview and Level Annotations

Branches:
Dungeon (4/15)
 Temple: D:4-7

Altars:
Cheibriados
Yredelemnul

Shops:
D:1 *


Innate Abilities, Weirdness & Mutations

You are immune to sickness and miasma.
Your stone body is resilient. (AC +4)
You are immune to poison.
You resist negative energy. (rN+)
You are resistant to electric shocks. (rElec)
You are resistant to unholy torment.
You are immune to petrification.


Message History

The worm is no longer more vulnerable to fire.
The foxfire hits the iguana but does no damage.
The iguana is lightly wounded.
The foxfire hits the iguana but does no damage.
The iguana is lightly wounded.
The iguana barely misses you.
Casting: Scorch (safe; 4% risk of failure)
Confirm with . or Enter, or press ? or * to list all spells.
You don't have enough magic to cast this spell.
Casting: Scorch (safe; 4% risk of failure)
Confirm with . or Enter, or press ? or * to list all spells.
You don't know that spell.
Unknown command.
The iguana misses you. The worm bites you!
You climb upwards.
There is a stone staircase leading down here.
The iguana attacks as you move away! The iguana bites you.
The iguana bites you.
* * * LOW HITPOINT WARNING * * *
You barely miss the iguana.
The iguana is lightly wounded.
The iguana bites you but does no damage.
You barely miss the iguana.
The iguana is lightly wounded.
The iguana bites you.
* * * LOW HITPOINT WARNING * * *
You hit the iguana.
The iguana is lightly wounded.
The iguana closely misses you.
You barely miss the iguana. Your punch misses the iguana.
The iguana is lightly wounded.
The iguana barely misses you.
You hit the iguana but do no damage.
The iguana is lightly wounded.
The iguana closely misses you.
The iguana bites you but does no damage.
You hit the iguana.
The iguana is moderately wounded.
The iguana bites you!
You die...

#.#####.....#..(...........## #.#
#..............##..#..###...# #.#
#..#####.#.............###..# #.#
#..# ##...#.....#.##### #..###.#
#.#####....>†..#....######....#.#
........####...###......##.##...#
#...##.#####...# ##.###..#..#####
#..###....##...####(####....#
..## ####..#..wl@.#..# ###..#####
#.# ##.#..###.##.# ##.....# #.##
#.....##..#.# #.....# ...#
###.#.....#...# ##....# )..#
#......##..##.# ###...# ...#
##.#...####.##.######.†...#
...####..#...# #...........#†..#
#####.......## ####.......##...#
####..#..##.# ####..#####...#..[


You could see a worm and an iguana.

Vanquished Creatures
  A hound (D:3)
  3 gnolls
  An adder (D:4)
  A worm (D:2)
  2 dart slugs
  An orc (D:4)
  7 ball pythons
  6 bats
  5 endoplasms
  4 giant cockroaches
  5 goblins
  5 hobgoblins
  3 jackals
  9 kobolds
  5 frilled lizards
  5 rats
63 creatures vanquished.

Vanquished Creatures (others)
  144 foxfires
144 creatures vanquished.

Grand Total: 207 creatures vanquished

Notes
Turn   | Place    | Note
-------+----------+-------------------------------------------
     0 | D:1      | funkygono the Gargoyle Fire Elementalist began the quest
                  | for the Orb.
     0 | D:1      | Reached XP level 1. HP: 10/10 MP: 3/3
   120 | D:1      | Reached XP level 2. HP: 15/15 MP: 1/5
   537 | D:1      | Found Banuysaj's Assorted Antiques.
   701 | D:1      | Reached XP level 3. HP: 19/19 MP: 3/6
   704 | D:1      | Learned a level 2 spell: Scorch
   708 | D:1      | Learned a level 3 spell: Volatile Blastmotes
   893 | D:2      | Identified the +1 whip "Cicucuse" {pain, rPois rC+ Stlth-}
  1046 | D:2      | Found a snail-covered altar of Cheibriados.
  1632 | D:3      | Reached XP level 4. HP: 23/24 MP: 0/7
  1835 | D:3      | Found a faded altar of an unknown god.
  2351 | D:3      | Found a basalt altar of Yredelemnul.
  2556 | D:3      | Reached skill level 4 in Fire Magic
  2556 | D:3      | Reached XP level 5. HP: 22/28 MP: 1/9
  2659 | D:3      | Mangled by an iguana

Illustrated notes

Levels and vault maps discovered:
D:1:      dpeg_arrival_rooms_b, layout_basic, serial_shops, shop,
          minmay_misc_feat_rows, minivault_14, serial_bayou_pond_e,
          minmay_tetromino_t2
D:2:      layout_basic, basic_altar
D:3:      layout_rooms, nicolae_overflow_hidden_temple, basic_ecumenical_altar
D:4:      minmay_polygon_palace, layout_basic,
          mainiacjoe_overflow_catwalk_spiral, kennysheep_boxes

Skill      XL: |  1  2  3  4 |
---------------+-------------+-----
Conjurations   | 2 |  2.3
Spellcasting   | 3 |  3.0
Dodging        | 2 |  2.0
Fire Magic     | 4 |  4.2
Fighting       | |  0.2
Maces & Flails | |  0.1
Stealth        | |  2.6

Action                     |  1- 3 |  4- 6 || total
---------------------------+-------+-------++-------
  Melee: Unarmed           |     2 |       ||     2
         Punch             |     1 |     1 ||     2
         Whip              |     5 |    19 ||    24
   Cast: Foxfire           |    57 |    29 ||    86
         Scorch            |     8 |    13 ||    21
    Use: Scroll            |     6 |     3 ||     9
 Armour: Robe              |     7 |    20 ||    27
  Dodge: Dodged            |    18 |    57 ||    75

Table legend: (Time is in decaauts)
 A = Elapsed time spent in this place.
 B = Non-inter-level travel time spent in this place.
 C = Inter-level travel time spent in this place.
 D = Time resting spent in this place.
 E = Time spent auto-exploring this place.
 F = Levels seen in this place.
 G = Mean time per level.
                   A        B        C        D        E       F      G
               +--------+--------+--------+--------+--------+-----+--------+
         Total |   2664 |   2595 |     69 |     53 |   2140 |   4 |  666.0 |
       Dungeon |   2664 |   2595 |     69 |     53 |   2140 |   4 |  666.0 |
               +--------+--------+--------+--------+--------+-----+--------+

Top non-repeatable levels by time:
     D:2: 891 daAuts
     D:1: 858 daAuts
     D:3: 841 daAuts
     D:4: 73 daAuts
